 Dungeon Crawl Stone Soup version 0.26.1-11-gd32895ea62 (webtiles) character file.

Game seed: 17935407070483100466

1948 Zeld the Cleaver (level 8, -2/64 HPs)
             Began as a Minotaur Berserker on May 23, 2021.
             Was a High Priest of Trog.
             Killed from afar by Pikel (10 damage)
             ... with a bolt of acid
             ... on level 7 of the Dungeon.
             The game lasted 00:09:42 (8257 turns).

Zeld the Cleaver (Minotaur Berserker)               Turns: 8257, Time: 00:09:43

Health: -2/64      AC:  7    Str: 23    XL:     8   Next: 98%
Magic:  7/7        EV:  9    Int:  4    God:    Trog [*****.]
Gold:   78         SH: 12    Dex: 11    Spells: 7/7 levels left

rFire    . . .     SeeInvis .   r - +4 hand axe (freeze)
rCold    . . .     Faith    .   C - +0 kite shield
rNeg     . . .     Spirit   .   (no armour)
rPois    .         Reflect  +   i - +2 hat
rElec    .         Harm     .   A - +1 cloak
rCorr    .         Rampage  .   u - +2 pair of gloves
Will     ++...                  (no boots)
Stlth    +.........             y - amulet of reflection
HPRegen  1.20/turn              (no ring)
MPRegen  0.10/turn              (no ring)

@: berserk cooldown, regenerating, slowed, very slow
A: retaliatory headbutt, horns 2
a: Renounce Religion, Berserk, Trog's Hand, Brothers in Arms


You were on level 7 of the Dungeon.
You worshipped Trog.
Trog was extremely pleased with you.
You visited 2 branches of the dungeon, and saw 8 of its levels.
You also visited: Sewer.

You collected 408 gold pieces.
You spent 330 gold pieces at shops.

Inventory:

Hand Weapons
 a - a +0 hand axe
 r - a +4 hand axe of freezing (weapon)
Armour
 i - a +2 hat (worn)
 u - a +2 pair of gloves (worn)
 A - a +1 cloak (worn)
 C - a +0 kite shield (worn)
Jewellery
 d - an uncursed ring of poison resistance
 y - an amulet of reflection (around neck)
Wands
 x - a wand of iceblast (7)
 G - a wand of digging (2)
 I - a wand of enslavement (5)
Scrolls
 k - 4 scrolls of remove curse
 o - 2 scrolls of magic mapping
 t - 4 scrolls of teleportation
 w - a scroll of noise {unknown}
 D - a scroll of fear {unknown}
Potions
 b - 12 potions of curing {unknown}
 c - 3 potions of degeneration {unknown}
 e - a potion of ambrosia {unknown}
 f - 2 potions of resistance {unknown}
 g - 2 potions of attraction {unknown}
 h - 2 potions of flight {unknown}
 q - 3 potions of heal wounds {unknown}
 v - 3 potions of brilliance {unknown}
 z - 3 potions of might {unknown}
 E - a potion of mutation {unknown}


   Skills:
 - Level 3.6 Fighting
 * Level 13.8 Axes
 - Level 2.4 Armour
 - Level 2.1 Dodging


You had 7 spell levels left.
You didn't know any spells.
Your spell library was empty.

Dungeon Overview and Level Annotations

Branches:
Dungeon (7/15)             Temple (1/1) D:5           Sewer (visited)

Altars:
Ashenzari
Cheibriados
Dithmenos
Elyvilon
Fedhas
Gozag
Hepliaklqana
Kikubaaqudgha
Makhleb
Qazlal
Ru
Sif Muna
Trog
Uskayaw
Vehumet
Wu Jian
Xom
Yredelemnul
Zin
The Shining One

Shops:
D:4 }   D:5 [

Annotations:
D:3 3 runed translucent doors, Zeld's ghost, amateur OpGl
D:7 Pikel


Innate Abilities, Weirdness & Mutations

You reflexively headbutt those who attack you in melee.
You have a pair of horns on your head.


Message History

Pikel barely misses you. You furiously retaliate!
You headbutt Pikel, but do no damage.
You are too injured to fight recklessly!
You are too injured to fight recklessly!
You are too injured to fight recklessly!
You are too injured to fight recklessly!
You are too injured to fight recklessly!
You are too injured to fight recklessly!
You slash Pikel! You freeze Pikel.
Pikel is heavily wounded.
You closely miss the lemure. You block the lemure's attack.
Pikel hits you with a +2 whip of electrocution.
You are electrocuted!
* * * LOW HITPOINT WARNING * * *
Unknown command.
Okay, then.
Your skin crawls.
You feel strong-willed. The lemure completely misses you.
Pikel zaps a wand.
The bolt of acid hits you!
You die...

#.........[..##.#.#
.............##.... .#..
..........)........ ....
..##....##...#.#........
..###..###.)## # .#.....
..# #..# ##).# .......
..###...###.)# 55...
...## .##...####55##
....# #..#......@K..#
#...##...#...........#
##..................##
###..........?......#
......##..............
.##
......##............###
...
.##...##............###
...
.##...####..........(.##
... ... ....###
..?....†)..###.##....


You could see Pikel and 4 lemures.

Vanquished Creatures
  Grinder (D:4)
  A soldier ant (D:5)
  An orc warrior (D:6)
  A hornet zombie (D:7)
  A phantom (D:7)
  2 big kobolds (Sewer)
  A scorpion (D:7)
  A howler monkey (D:7)
  A bullfrog zombie (D:6)
  4 hounds
  A quasit (D:3)
  3 bullfrog skeletons
  2 orc wizards (D:3)
  2 iguanas (D:7)
  Jessica (D:2)
  Terence (D:2)
  Natasha (thrice) (D:3)
  6 worker ants
  Robin (D:2)
  4 gnolls (D:3)
  5 river rats (Sewer)
  13 adders
  2 shadow imps (D:5)
  3 ufetubi
  7 worms
  2 dart slugs
  6 leopard geckos
  40 orcs
  8 giant cockroaches
  17 goblins
  8 hobgoblins
  4 jackals (D:3)
  7 ball pythons
  10 bats
  4 frilled lizards
  27 kobolds
  A quokka skeleton (D:5)
  31 rats
233 creatures vanquished.

Notes
Turn   | Place    | Note
-------+----------+-------------------------------------------
     0 | D:1      | Zeld the Minotaur Berserker began the quest for the Orb.
     0 | D:1      | Reached XP level 1. HP: 19/19 MP: 0/0
   251 | D:1      | Reached skill level 4 in Axes
   449 | D:1      | Reached XP level 2. HP: 26/26 MP: 1/1
  1063 | D:2      | Reached skill level 5 in Axes
  1063 | D:2      | Reached XP level 3. HP: 29/31 MP: 2/2
  1082 | D:2      | Noticed Jessica
  1085 | D:2      | Noticed Robin
  1223 | D:2      | Reached ** piety under Trog
  1231 | D:2      | Killed Robin
  1232 | D:2      | Killed Jessica
  1233 | D:2      | Reached skill level 6 in Axes
  1233 | D:2      | Reached XP level 4. HP: 19/39 MP: 3/3
  1707 | D:2      | Noticed Terence
  1721 | D:2      | Killed Terence
  1829 | D:2      | Reached skill level 7 in Axes
  1829 | D:2      | Reached XP level 5. HP: 43/45 MP: 4/4
  2558 | D:3      | Reached *** piety under Trog
  2766 | D:3      | Found a runed translucent gate.
  2766 | D:3      | Found a runed translucent gate.
  2767 | D:3      | Found a runed translucent gate.
  2768 | D:3      | Noticed Zeld's ghost (amateur OpGl)
  2811 | D:3      | Reached skill level 8 in Axes
  2819 | D:3      | Reached XP level 6. HP: 18/51 MP: 5/5
  3631 | D:3      | Noticed Natasha
  3637 | D:3      | Killed Natasha
  3638 | D:3      | Reached **** piety under Trog
  3948 | D:3      | Reached skill level 9 in Axes
  4097 | D:3      | Noticed Natasha
  4104 | D:3      | Killed Natasha
  4119 | D:3      | Noticed Natasha
  4124 | D:3      | Killed Natasha
  4159 | D:3      | Found a shimmering altar of Xom.
  4244 | D:4      | Noticed Grinder
  4256 | D:4      | Killed Grinder
  4257 | D:4      | Reached skill level 10 in Axes
  4257 | D:4      | Reached XP level 7. HP: 38/57 MP: 6/6
  4367 | D:4      | Found a shadowy altar of Dithmenos.
  4384 | D:4      | Found Xaojipoj's Gadget Boutique.
  4407 | D:4      | Bought a wand of iceblast (12) for 176 gold pieces
  4414 | D:4      | Found a stormy altar of Qazlal.
  4415 | D:4      | Found a broken altar of Ashenzari.
  4415 | D:4      | Found a burning altar of Makhleb.
  4416 | D:4      | Found an ancient bone altar of Kikubaaqudgha.
  4638 | D:4      | Found a hide-covered altar of Uskayaw.
  5343 | D:5      | Entered Level 5 of the Dungeon
  5613 | D:5      | Found a glowing drain.
  5630 | Sewer    | Entered a sewer
  5725 | Sewer    | Reached skill level 11 in Axes
  5798 | Sewer    | Reached ***** piety under Trog
  5926 | Sewer    | Reached XP level 8. HP: 62/64 MP: 7/7
  6272 | D:5      | Reached skill level 12 in Axes
  6437 | D:5      | Found Sysh's Antique Armour Shoppe.
  6520 | D:5      | Found a staircase to the Ecumenical Temple.
  6558 | Temple   | Entered the Ecumenical Temple
  6879 | D:6      | Found a blossoming altar of Fedhas.
  7392 | D:4      | Bought a wand of digging (3) for 154 gold pieces
  7805 | D:7      | Reached skill level 13 in Axes
  7833 | D:7      | Noticed Pikel
  8257 | D:7      | Killed from afar by Pikel

Illustrated notes

Levels and vault maps discovered:
D:1:      lightli_arrival_boilingwater, layout_loops_corners
D:2:      layout_loops_ring, amethyst_killhole, uniq_jessica, uniq_terence,
          uniq_robin
D:3:      layout_basic, tgw_xom, gammafunk_ghost_split, minivault_4,
          uniq_natasha
D:4:      layout_basic, chequers_temple_overflow_statue_of_worship,
          old_standard_altar, lemuel_doored_altar, serial_shops, shop,
          due_unseen_surprise, uniq_grinder
D:5:      layout_rooms, minmay_temple_entry_statues_fountains, serial_shops,
          shop, gup_sewer_entry_pipe, chequers_jeans
D:6:      layout_loops_cross, fedhas_ov_isle_minmay
D:7:      layout_cave_pools, nemelex_xobeh_ov_fountains_minmay,
          lemuel_round_altar, uniq_pikel
Temple:   nicolae_temple_x_marks_the_god

Skill      XL: |  1  2  3  4  5  6  7  8 |
---------------+-------------------------+-----
Axes           | 4 5 6 7 8 10 11 13 | 13.8
Fighting       | |  3.6
Armour         | |  2.4
Dodging        | |  2.1

Action                   |  1- 3 |  4- 6 |  7- 9 || total
-------------------------+-------+-------+-------++-------
Melee: Hand axe          |    51 |   206 |   248 ||   505
       Headbutt          |     7 |    42 |    35 ||    84
Invok: Berserk           |     1 |     3 |     2 ||     6
       Trog's Hand       |       |       |     2 ||     2
Evoke: Wand              |       |       |     6 ||     6
  Use: Scroll            |       |       |    12 ||    12
 Stab: Sleeping          |     1 |       |       ||     1
Armor: Skin              |     7 |    36 |    57 ||   100
Dodge: Dodged            |    53 |   137 |   108 ||   298
Block: Kite shield       |       |       |    42 ||    42
       Reflection        |       |       |     3 ||     3
